 Dungeon Crawl Stone Soup version 0.30.1-9-gdf580d7c3d (webtiles) character file.

Game seed: 16968075464811468339

58 LordWeiramon the Vexing (level 3, 0/43 HPs)
             Began as a Demigod Enchanter on Oct 21, 2023.
             Slain by an adder (2 damage)
             ... on level 2 of the Dungeon.
             The game lasted 00:11:05 (1527 turns).

LordWeiramon the Vexing (Demigod Enchanter)         Turns: 1527, Time: 00:11:05

Health: 0/43       AC: 21    Str: 12 (13) XL:     3   Next: 51%
Magic:  8/8        EV:  2    Int: 14 (17) God:
Gold:   128        SH:  0    Dex: 12 (14) Spells: 3/5 levels left

rFire   + . .        a - +2 whip (venom)
rCold   + . .        (no shield)
rNeg    . . .        b - melded +0 robe
rPois   +            (helmet currently unavailable)
rElec   +            (cloak currently unavailable)
rCorr   +            (gloves currently unavailable)
SInv    .            (boots currently unavailable)
Will    .....        (no amulet)
Stlth   ++           (no ring)
HPRegen 0.27/turn    (no ring)
MPRegen 0.11/turn

%: no passive effects
@: lethally poisoned (0 -> -5), tree-form, resistant
A: stationary, stasis, torment immunity, boosted hp, high MP 1, forlorn, divine
attributes
a: no special abilities


You were on level 2 of the Dungeon.
You were a tree.
You visited 1 branch of the dungeon, and saw 2 of its levels.

You collected 128 gold pieces.

Inventory:

Hand Weapons
 a - a +2 whip of venom (weapon)
 c - a +1 dagger
Missiles
 q - 4 poisoned darts (quivered)
Armour
 b - a +0 robe (melded)
Magical Staves
 j - a staff of air
Scrolls
 f - a scroll of noise {unknown}
 g - a scroll of magic mapping
 h - a scroll of amnesia {unknown}
 i - a scroll of fear {unknown}
 o - a scroll of teleportation {unknown}
 p - a scroll of enchant armour {unknown}
Potions
 l - a potion of flight {unknown}
 m - a potion of curing {unknown}
 n - a potion of attraction {unknown}


   Skills:
 - Level 1.8 Fighting
 - Level 1.6 Short Blades
 + Level 1.7 Maces & Flails
 - Level 1.7 Dodging
 - Level 2.6 Stealth
 - Level 1.7 Spellcasting
 - Level 2.6 Hexes


You had 3 spell levels left.
You knew the following spells:

 Your Spells              Type           Power      Damage    Failure   Level
a - Ensorcelled Hibernat  Hex/Ice        8%         N/A       22%         2

Your spell library contained the following spells:

 Spells                   Type           Power      Damage    Failure   Level
 Confusing Touch          Hex            8%         N/A       24%         3
 Tukima's Dance           Hex            8%         N/A       24%         3
 Dazzling Flash           Conj/Hex       8%         N/A       38%         3


Dungeon Overview and Level Annotations

Branches:
Dungeon (2/15)

Annotations:
D:2 exclusion: adder


Innate Abilities, Weirdness & Mutations

You are a tree.
Your roots penetrate the ground, keeping you stationary.
You cannot be teleported.
You are immune to unholy pain and torment.
Your maximum health is greatly increased.
Your equipment is partially melded.
You have an increased reservoir of magic. (+10% MP)
You shall have no god before yourself.
Your divine heritage dramatically boosts your attributes as you level up.


Message History

Really walk into a travel-excluded area?
Okay, then.
Really walk into a travel-excluded area?
The adder hisses angrily.
The adder bites you. The adder misses you.
You miss the adder. The adder bites you but does no damage.
You miss the adder. The adder bites you.
You are poisoned.
The adder poisons you!
You barely miss the adder.
You feel sick. The adder bites you.
You are more poisoned.
The adder poisons you! The adder bites you.
You miss the adder.
You feel very sick. The adder bites you but does no damage.
You closely miss the adder.
You feel sick. The adder bites you.
You barely miss the adder.
You feel sick. The adder bites you. x2
You hit the adder.
The adder is poisoned.
The adder is lightly wounded.
You feel sick. The adder bites you.
* * * LOW HITPOINT WARNING * * *
You are lethally poisoned!
The adder poisons you!
It was a potion of degeneration.
There was something very wrong with that liquid.
You feel weakened.
You feel dopey.
You feel clumsy.
* * * LOW HITPOINT WARNING * * *
You feel sick. The adder barely misses you.
Unknown command.
It was a potion of resistance.
You feel protected.
* * * LOW HITPOINT WARNING * * *
You feel sick. The adder bites you.
* * * LOW HITPOINT WARNING * * *
Unknown command.
It was a potion of lignification.
You turn into a tree.
Your +0 robe melds into your body.
Your roots penetrate the ground.
* * * LOW HITPOINT WARNING * * *
You feel sick. The adder bites you but does no damage. The adder bites you.
You die...

### ##.##
########.#.##
#.........#.######
#.####.##...†.....
#♣..........#####.
#S.#####.#.## #.
#..# ##..# #. #..#
##.# #. #..# #.#
#. #..# #.# #.
#..# #.######.
#..# #........
#..# ########.


You could see an adder (very poisoned).

Vanquished Creatures
  A gnoll (D:1)
  An adder (D:2)
  A worm (D:2)
  A dart slug (D:2)
  2 ball pythons
  2 endoplasms (D:1)
  3 giant cockroaches
  2 goblins (D:2)
  5 hobgoblins
  2 jackals (D:1)
  A kobold (D:1)
  3 quokkas
  3 bats (D:2)
  3 rats
30 creatures vanquished.

Notes
Turn   | Place    | Note
-------+----------+-------------------------------------------
     0 | D:1      | LordWeiramon the Demigod Enchanter began the quest for the
                  | Orb.
     0 | D:1      | Reached XP level 1. HP: 14/14 MP: 5/5
    43 | D:1      | Reached skill level 1 in Short Blades
   383 | D:1      | Reached XP level 2. HP: 17/22 MP: 7/7
   477 | D:1      | Reached skill level 1 in Fighting
   481 | D:1      | Learned a level 2 spell: Ensorcelled Hibernation
   908 | D:2      | Reached XP level 3. HP: 29/29 MP: 8/8
  1228 | D:2      | Reached skill level 1 in Maces & Flails
  1527 | D:2      | HP: 2/43 [poisoned by an adder]
  1527 | D:2      | Slain by an adder

Illustrated notes

Levels and vault maps discovered:
D:1:      lightli_arrival_statue_moat, layout_rooms
D:2:      layout_loops_ring, grunt_decor_one_mirror

Skill      XL: |  1  2  3 |
---------------+----------+-----
Short Blades   | 1 |  1.6
Fighting       | 1 |  1.8
Maces & Flails | 1 |  1.7
Dodging        | |  1.7
Stealth        | |  2.6
Spellcasting   | |  1.7
Hexes          | |  2.6

Action                     || total
---------------------------++-------
  Melee: Dagger            ||    66
         Whip              ||    40
         Punch             ||     2
    Use: Potion            ||     5
         Scroll            ||     1
   Stab: Sleeping          ||     4
         Distracted        ||     1
 Armour: Robe              ||    14
         Skin              ||     1
  Dodge: Dodged            ||    58
